 Dungeon Crawl Stone Soup version 0.24.0-13-gcf9b3192b9 (webtiles) character file.

Game seed: 12949302520995164014, levelgen mode: deterministic

100 Mrkan the Shield-Bearer (level 4, 0/36 HPs)
             Began as a Minotaur Fighter on Nov 5, 2019.
             Was an Initiate of Hepliaklqana.
             Slain by a gnoll
             ... wielding a +0 flail
              (3 damage)
             ... on level 2 of the Dungeon.
             The game lasted 00:02:31 (945 turns).

Mrkan the Shield-Bearer (Minotaur Fighter)           Turns: 945, Time: 00:02:31

Health: 0/36       AC:  7    Str: 20    XL:     4   Next: 47%
Magic:  3/3        EV:  7    Int:  5    God:    Hepliaklqana [......]
Gold:   95         SH:  9    Dex: 11    Spells: 3/3 levels left

rFire    . . .     SeeInvis .   a - +0 flail
rCold    . . .     Gourm    .   c - +0 shield
rNeg     . . .     Faith    .   b - +0 scale mail
rPois    .         Spirit   .   (helmet restricted)
rElec    .         Reflect  .   (no cloak)
rCorr    .         Harm     .   (no gloves)
MR       .....                  (no boots)
Stlth    ..........             (no amulet)
HPRegen  0.12/turn              (no ring)
MPRegen  0.08/turn              (no ring)

@: no status effects
A: retaliatory headbutt, reduced essence, horns 2
a: Recall Ancestor, Ancestor Identity, Renounce Religion


You were on level 2 of the Dungeon.
You worshipped Hepliaklqana.
Hepliaklqana was noncommittal.
You were not hungry.

You visited 1 branch of the dungeon, and saw 2 of its levels.

You collected 95 gold pieces.

Inventory:

Hand Weapons
 a - a +0 flail (weapon)
Armour
 b - a +0 scale mail (worn)
 c - a +0 shield (worn)
Scrolls
 g - a scroll of amnesia {unknown}
 j - a scroll of identify {unknown}
 k - a scroll of teleportation {unknown}
Potions
 d - a potion of might
 e - a potion of curing {unknown}
 i - a potion of haste {unknown}
Comestibles
 f - 5 rations
 h - 3 chunks of flesh


   Skills:
 + Level 4.3 Fighting
 * Level 4.1 Maces & Flails
 + Level 4.3 Armour
 + Level 4.3 Shields


You had 3 spell levels left.
You didn't know any spells.
Your spell library was empty.

Dungeon Overview and Level Annotations

Branches:
Dungeon (2/15)

Altars:
Hepliaklqana


Innate Abilities, Weirdness & Mutations

You reflexively headbutt those who attack you in melee.
You have a pair of horns on your head.
Your life essence is reduced to manifest your ancestor. (-10% HP)


Message History

You start resting.
Khenut emerges from the mists of memory!
The gnoll is too close now for your liking.
A gnoll is nearby!
The gnoll hits you but does no damage.
You hit the gnoll. You headbutt the gnoll.
The gnoll is heavily wounded.
A giant cockroach comes into view.
The gnoll hits you with a +0 flail!
* * * LOW HITPOINT WARNING * * *
Some of the chunks of flesh in your inventory have rotted away.
You closely miss the gnoll.
The gnoll is heavily wounded.
The gnoll hits you with a +0 flail.
* * * LOW HITPOINT WARNING * * *
Khenut closely misses the gnoll.
You closely miss the gnoll. Your headbutt misses the gnoll.
The gnoll is heavily wounded.
The gnoll hits you with a +0 flail.
You die...

##)....########...!# ....#
... .÷.(...............#
#...#...# ###...######
#....###.....# ............#
#.....((g.#
###.#.#####..##.....##.....#
.........# #.....†..##....##
.........# ###......##....#
.........# ##......###....#
.........###..#.@g####....###
.........##..#..R.s.##.......
##.#######........#.##.......
..............##.##..........
............####.####........
###.........# #.# #........
............# #.####........
###.###.....# ##...†....#....
###.###.....###...######....#


You could see the friendly Khenut the ancestor, a gnoll and a giant cockroach.

Vanquished Creatures
  3 gnolls (D:2)
  2 adders (D:2)
  A worm (D:2)
  3 dart slugs (D:1)
  3 leopard geckos
  8 bats
  A giant cockroach (D:2)
  2 hobgoblins (D:1)
  6 kobolds
  A ball python (D:1)
  3 frilled lizards
  6 goblins
  6 rats
45 creatures vanquished.

Vanquished Creatures (collateral kills)
  A leopard gecko (D:2)
1 creature vanquished.

Vanquished Creatures (others)
  An ancestor (D:2)
1 creature vanquished.

Grand Total: 47 creatures vanquished

Notes
Turn   | Place    | Note
-------+----------+-------------------------------------------
     0 | D:1      | Mrkan the Minotaur Fighter began the quest for the Orb.
     0 | D:1      | Reached XP level 1. HP: 19/19 MP: 0/0
    32 | D:1      | Reached XP level 2. HP: 20/27 MP: 1/1
   308 | D:1      | Reached XP level 3. HP: 25/33 MP: 2/2
   773 | D:2      | Found a hazy altar of Hepliaklqana.
   782 | D:2      | Became a worshipper of Hepliaklqana the Forgotten
   865 | D:2      | Reached XP level 4. HP: 30/36 MP: 3/3
   945 | D:2      | Slain by a gnoll

Levels and vault maps discovered:
D:1:      lemuel_arrival_room, layout_loops_ring
D:2:      layout_rooms, nicolae_overflow_crystal_walls,
          chequers_ecumenical_altar_simple_redux

Skill      XL: |  1  2  3  4 |
---------------+-------------+-----
Maces & Flails | 3 4 |  4.1
Armour         | 4 |  4.3
Fighting       | 4 |  4.3
Shields        | 4 |  4.3

Action                   |  1- 3 |  4- 6 || total
-------------------------+-------+-------++-------
Melee: Flail             |    93 |    11 ||   104
       Headbutt          |     9 |     3 ||    12
Invok: Ancestor Identity |     1 |       ||     1
Armor: Scale mail        |    63 |    13 ||    76
Dodge: Dodged            |    37 |     5 ||    42
Block: Shield            |    53 |    18 ||    71
